 Dungeon Crawl Stone Soup version 0.28.0-62-gf88900778d (webtiles) character file.

Game seed: 16518612275213317906

30 cbfl8 the Skirmisher (level 3, -5/43 HPs)
             Began as a Demonspawn Berserker on Apr 13, 2024.
             Was a Follower of Trog.
             Slain by an orc
             ... wielding a +0 trident
              (6 damage)
             ... on level 2 of the Dungeon.
             The game lasted 00:00:51 (1323 turns).

cbfl8 the Skirmisher (Demonspawn Berserker)         Turns: 1323, Time: 00:00:51

Health: -5/43      AC:  2    Str: 17    XL:     3   Next: 5%
Magic:  3/3        EV: 12    Int:  8    God:    Trog [*.....]
Gold:   59         SH:  0    Dex: 14    Spells: 2/2 levels left

rFire   . . .      SeeInvis .   a - +0 hand axe
rCold   . . .      Faith    .   (no shield)
rNeg    . . .      Spirit   .   b - +0 animal skin
rPois   .          Reflect  .   (no helmet)
rElec   .          Harm     .   (no cloak)
rCorr   .          Rampage  .   (no gloves)
Will    .....                   (no boots)
Stlth   ..........              (no amulet)
HPRegen 0.14/turn               (no ring)
MPRegen 0.08/turn               (no ring)

@: berserking, very quick
A: sturdy frame 1, demonic touch 1
a: Renounce Religion, Berserk


You were on level 2 of the Dungeon.
You worshipped Trog.
Trog was aware of your devotion.
You visited 1 branch of the dungeon, and saw 2 of its levels.

You collected 59 gold pieces.

Inventory:

Hand Weapons
 a - a +0 hand axe (weapon)
Armour
 b - a +0 animal skin (worn)
Scrolls
 f - a scroll of fog {unknown}
Potions
 c - 2 potions of flight {unknown}
 d - a potion of curing {unknown}
 e - a potion of lignification {unknown}


   Skills:
 + Level 3.5 Fighting
 + Level 3.0 Axes
 + Level 2.1 Armour
 - Level 1.7 Dodging
 * Level 1.0 Evocations


You had 2 spell levels left.
You didn't know any spells.
Your spell library was empty.

Dungeon Overview and Level Annotations

Branches:
Dungeon (2/15)

Altars:


Innate Abilities, Weirdness & Mutations

Your movements are slightly less encumbered by armour. (ER -2)
Your touch may inflict minor irresistible damage on your foes.


Message History

You are too injured to fight recklessly!
Unknown command.
You are too injured to fight recklessly!
Unknown command.
You are too injured to fight recklessly!
You barely miss the orc.
The orc is heavily wounded.
You hit the hobgoblin.
You kill the hobgoblin!
Trog accepts your kill. The orc hits you with a +0 dagger.
The orc barely misses you.
You barely miss the orc.
You touch the orc.
The orc is almost dead.
You closely miss the orc. The orc hits you with a +0 dagger.
The orc barely misses you.
You slash the orc!
You kill the orc!
Trog accepts your kill.
You barely miss the orc.
The orc hits you from afar with a +0 trident!
* * * LOW HITPOINT WARNING * * *
You have reached level 3!
Your experience leads to an increase in your attributes!
Increase (S)trength, (I)ntelligence, or (D)exterity?
You feel agile. x2; Your demonic ancestry asserts itself...
You feel less encumbered by your armour.
You slash the orc!
You kill the orc!
Trog accepts your kill.
The orc hits you from afar with a +0 trident.
* * * LOW HITPOINT WARNING * * *
Your Evocations skill increases to level 1!
The orc misses you.
Things that are here:
a +0 dagger; an orc corpse; a hobgoblin corpse You hit the orc but do no damage.
You barely miss the orc.
You touch the orc.
The orc is heavily wounded.
The orc hits you with a +0 trident.
You die...

##########
.......#.#####.#
...?...)@oo....#
#######.#############
.....................
..#####.#...........#
...#.....†.....+
#####...........#
###'#########
#.#####.####
..........>#


You could see 2 orcs.

Vanquished Creatures
  A dart slug (D:1)
  3 orcs (D:2)
  3 ball pythons (D:1)
  A bat (D:1)
  2 endoplasms (D:1)
  3 giant cockroaches (D:1)
  3 goblins
  2 hobgoblins
  A frilled lizard (D:1)
  2 kobolds (D:1)
  A rat (D:2)
22 creatures vanquished.

Vanquished Creatures (others)
  2 plants (D:1)
2 creatures vanquished.

Grand Total: 24 creatures vanquished

Notes
Turn   | Place    | Note
-------+----------+-------------------------------------------
     0 | D:1      | cbfl8 the Demonspawn Berserker began the quest for the Orb.
     0 | D:1      | Reached XP level 1. HP: 18/18 MP: 1/1
   360 | D:1      | Gained mutation: Your touch may inflict minor irresistible
                  | damage on your foes. [demonic ancestry]
   360 | D:1      | Reached XP level 2. HP: 15/24 MP: 2/2
  1320 | D:2      | Gained mutation: Your movements are slightly less
                  | encumbered by armour. (ER -2) [demonic ancestry]
  1320 | D:2      | Reached XP level 3. HP: 6/29 MP: 3/3
  1320 | D:2      | HP: 1/43 [orc/+0 trident (5)]
  1321 | D:2      | Reached skill level 1 in Evocations
  1323 | D:2      | Slain by an orc

Illustrated notes

Levels and vault maps discovered:
D:1:      minmay_arrival_stair_chambers, layout_basic, serial_bayou_ford_a
D:2:      layout_basic

Skill      XL: |  1  2  3 |
---------------+----------+-----
Axes           | 3 |  3.0
Armour         | 2 |  2.1
Evocations     | 1 |  1.0
Fighting       | |  3.5
Dodging        | |  1.7

Action                   || total
-------------------------++-------
Melee: Hand axe          ||    58
       Touch             ||     4
Invok: Berserk           ||     1
 Stab: Sleeping          ||     1
Armor: Animal skin       ||     7
Dodge: Dodged            ||    30
